 Dungeon Crawl Stone Soup version 0.26.0-18-gc5c842f807 (webtiles) character file.

Game seed: 11794272422357404727

733 thiole the Sneak (level 7, -4/41 HPs)
             Began as an Octopode Hedge Wizard on Jan 22, 2021.
             Was an Initiate of Gozag.
             Shot with an arrow by a centaur (11 damage)
             ... on level 6 of the Dungeon.
             The game lasted 00:09:39 (6474 turns).

thiole the Sneak (Octopode Hedge Wizard)            Turns: 6474, Time: 00:09:39

Health: -4/41      AC:  2    Str: 10    XL:     7   Next: 74%
Magic:  6/14       EV: 13    Int: 18    God:    Gozag
Gold:   243        SH:  0    Dex: 11    Spells: 7/15 levels left

rFire    . . .     SeeInvis +   a - +0 dagger
rCold    . . .     Faith    .   (no shield)
rNeg     . . .     Spirit   .   b - +1 hat
rPois    .         Reflect  .   (no amulet)
rElec    .         Harm     .   i - ring of see invisible
rCorr    .         Rampage  .   (no ring)
Will     .....                  (no ring)
Stlth    ++++......             (no ring)
HPRegen  0.13/turn              (no ring)
MPRegen  0.14/turn              (no ring)
                                (no ring)
                                (no ring)

@: gold aura
A: almost no armour, stealthy swim, amphibious, 8 rings, constrict 8, camouflage
1, gelatinous body 1
a: Renounce Religion, Potion Petition, Call Merchant, Bribe Branch


You were on level 6 of the Dungeon.
You worshipped Gozag.
Gozag was aware of your devotion.
You visited 2 branches of the dungeon, and saw 7 of its levels.

You collected 355 gold pieces.
You paid 112 gold pieces to Gozag.

Inventory:

Hand Weapons
 a - a +0 dagger (weapon)
Armour
 b - a +1 hat (worn)
Jewellery
 g - an uncursed amulet of faith
 i - a ring of see invisible (left tentacle)
 o - an uncursed ring of positive energy {unknown}
 w - an uncursed ring of willpower {unknown}
Wands
 l - a wand of polymorph (7)
 t - a wand of flame (6)
Scrolls
 e - 6 scrolls of identify
 j - a scroll of enchant armour
 u - a scroll of random uselessness
 y - a scroll of enchant weapon {unknown}
Potions
 c - 2 potions of curing
 d - a potion of cancellation {unknown}
 h - 2 potions of haste {unknown}
 m - 2 potions of flight {unknown}
 p - a potion of ambrosia {unknown}
 q - 2 potions of degeneration {unknown}
 r - a potion of attraction {unknown}
 s - 2 potions of heal wounds {unknown}
 x - a potion of resistance {unknown}


   Skills:
 - Level 2.0 Dodging
 + Level 6.2 Stealth
 + Level 4.8 Spellcasting
 - Level 2.0 Conjurations
 - Level 2.0 Summonings
 - Level 1.0 Translocations
 * Level 5.1 Air Magic


You had 7 spell levels left.
You knew the following spells:

 Your Spells              Type           Power        Failure   Level
a - Magic Dart            Conj           44%          6%          1
b - Call Imp              Summ           11%          9%          2
c - Slow                  Hex            4%           21%         2
d - Mephitic Cloud        Conj/Pois/Air  12%          16%         3

Your spell library contained the following spells:

 Spells                   Type           Power        Failure   Level
 Blink                    Tloc           N/A          14%         2
 Conjure Flame            Conj/Fire      7%           26%         3


Dungeon Overview and Level Annotations

Branches:
Dungeon (6/15)             Temple (1/1) D:5

Altars:
Ashenzari
Cheibriados
Dithmenos
Elyvilon
Fedhas
Gozag
Hepliaklqana
Kikubaaqudgha
Makhleb
Nemelex Xobeh
Qazlal
Ru
Trog
Vehumet
Wu Jian
Zin
The Shining One


Innate Abilities, Weirdness & Mutations

You cannot wear most types of armour.
You are very stealthy in the water. (Stealth+)
You are amphibious.
You can wear up to eight rings at the same time.
You can use your tentacles to constrict eight enemies at once.
Your skin changes colour to match your surroundings (Stealth+).
Your rubbery body absorbs attacks. (AC +1, EV +1)


Message History

The puff of flame hits the bullfrog!
You kill the bullfrog!
The centaur shoots an arrow.
The arrow hits you!
* * * LOW HITPOINT WARNING * * *
You hear a shout!
Your Air Magic skill increases to level 5!
Aiming: Throw Flame
Press: ? - help, Shift-Dir - straight line, f - orc warrior
Aim: an orc warrior, wielding a +0 broad axe and wearing a +0 plate armour (32% to evade)
The puff of flame hits the orc warrior.
The orc warrior is lightly wounded.
The centaur shoots an arrow.
The arrow misses you.
Aiming: Throw Flame
Press: ? - help, Shift-Dir - straight line, f/p - orc warrior
Aim: an orc warrior, wielding a +0 broad axe and wearing a +0 plate armour (lightly wounded, 32% to evade)
The puff of flame hits the centaur.
The centaur is lightly wounded.
The centaur shoots an arrow.
The arrow hits you!
You die...
Your body crumbles into a pile of gold.

####+#'#+#.#..
#.#.#.#.#
##.#.#.##
#.#.#.#.# ####
##.#o#)##.....
#............
#.....##+##.
#.....#...#
#....oc$@(+
#......#...#
#......#####
#........
#.####### #.


You could see an orc warrior and a centaur.

Vanquished Creatures
  2 ogres (D:5)
  A bullfrog (D:6)
  A scorpion (D:4)
  A howler monkey (D:5)
  A quasit (D:5)
  A jelly (D:5)
  A worker ant (D:4)
  A hound skeleton (D:6)
  7 adders
  2 ufetubi (D:5)
  An ooze (D:3)
  An adder skeleton (D:5)
  2 worms
  2 dart slugs
  6 orcs
  6 bats
  2 giant cockroaches
  5 goblins
  6 hobgoblins
  8 jackals
  7 kobolds
  A quokka (D:2)
  4 ball pythons
  2 frilled lizards
  4 rats
75 creatures vanquished.

Vanquished Creatures (collateral kills)
  2 ogres
  2 scorpions (D:4)
  A howler monkey (D:6)
  A hound (D:5)
  An adder (D:4)
  A shadow imp (D:5)
  3 jackals
11 creatures vanquished.

Vanquished Creatures (others)
  4 fungi (D:6)
4 creatures vanquished.

Grand Total: 90 creatures vanquished

Notes
Turn   | Place    | Note
-------+----------+-------------------------------------------
     0 | D:1      | thiole the Octopode Hedge Wizard began the quest for the
                  | Orb.
     0 | D:1      | Reached XP level 1. HP: 11/11 MP: 4/4
   103 | D:1      | Reached XP level 2. HP: 1/17 MP: 1/6
   526 | D:1      | Reached skill level 3 in Stealth
   951 | D:1      | Reached XP level 3. HP: 6/21 MP: 3/7
  1346 | D:2      | Learned a level 2 spell: Call Imp
  1349 | D:2      | Learned a level 2 spell: Slow
  1353 | D:2      | Learned a level 3 spell: Mephitic Cloud
  1429 | D:2      | Reached XP level 4. HP: 26/27 MP: 2/9
  1564 | D:2      | Reached skill level 1 in Air Magic
  1674 | D:2      | Found a faded altar of an unknown god.
  2111 | D:2      | Found a radiant altar of Vehumet.
  2116 | D:2      | Found a stormy altar of Qazlal.
  2703 | D:3      | Reached skill level 4 in Stealth
  2703 | D:3      | Reached XP level 5. HP: 31/31 MP: 4/10
  2873 | D:3      | You fall into a shaft and drop 3 floors!
  2973 | D:5      | Entered Level 5 of the Dungeon
  3603 | D:5      | Noticed an ogre
  3605 | D:5      | Killed an ogre
  3606 | D:5      | Reached skill level 5 in Stealth
  3606 | D:5      | Reached XP level 6. HP: 36/36 MP: 10/12
  3916 | D:5      | Reached XP level 7. HP: 26/41 MP: 2/13
  4088 | D:5      | Found a staircase to the Ecumenical Temple.
  4204 | Temple   | Entered the Ecumenical Temple
  5470 | D:4      | Found an opulent altar of Gozag.
  5505 | D:4      | Became a worshipper of Gozag Ym Sagoz the Greedy
  5534 | D:4      | Reached skill level 6 in Stealth
  6473 | D:6      | Reached skill level 5 in Air Magic
  6474 | D:6      | Shot with an arrow by a centaur

Illustrated notes

Levels and vault maps discovered:
D:1:      ebering_trefoil_3fold, layout_rooms
D:2:      layout_rooms, minitemple, chequers_ecumenical_altar_simple
D:3:      layout_basic
D:4:      layout_basic, nicolae_gozag_seed_capital
D:5:      layout_basic, minmay_temple_entry_trees
D:6:      old_forge, layout_basic, nicolae_overflow_hidden_temple, tgw_sif,
          serial_shops, kennysheep_little_box, shop_statue, shop,
          enter_ossuary_2
Temple:   nicolae_temple_great_sept

Skill      XL: |  1  2  3  4  5  6  7 |
---------------+----------------------+-----
Stealth        | 3 4 5 6 |  6.2
Conjurations   | 2 |  2.0
Summonings     | 2 |  2.0
Air Magic      | 1 3 4 5 |  5.1
Spellcasting   | 4 |  4.8
Dodging        | |  2.0
Translocations | |  1.0

Action                   |  1- 3 |  4- 6 |  7- 9 || total
-------------------------+-------+-------+-------++-------
Melee: Dagger            |    40 |    51 |    22 ||   113
       Tentacles         |     5 |     9 |     3 ||    17
       Constrict         |     6 |    13 |     7 ||    26
 Cast: Magic Dart        |    60 |    88 |    26 ||   174
       Call Imp          |       |    16 |    24 ||    40
Evoke: Wand              |       |     7 |     4 ||    11
  Use: Potion            |     1 |       |       ||     1
       Scroll            |       |     1 |     5 ||     6
 Stab: Distracted        |       |       |     1 ||     1
       Sleeping          |       |       |     1 ||     1
Armor: Skin              |     6 |     3 |     3 ||    12
Dodge: Dodged            |    34 |    38 |    14 ||    86
